 Dungeon Crawl Stone Soup version 0.22-a0-348-gd16d139 (webtiles) character file.

553 Amnesiac the Cutter (level 7, -2/34 HPs)
             Began as a Vine Stalker Gladiator on Apr 8, 2018.
             Slain by a wyvern (14 damage)
             ... on level 4 of the Dungeon.
             The game lasted 00:04:39 (3162 turns).

Amnesiac the Cutter (Vine Stalker Gladiator)        Turns: 3162, Time: 00:04:40

Health: -2/34      AC:  4    Str: 18    XL:     7   Next: 29%
Magic:  0/8        EV: 12    Int:  8    God:
Gold:   131        SH:  5    Dex: 16    Spells: 6/6 levels left

rFire    . . .     SeeInvis .   a - +0 rapier
rCold    . . .     Gourm    .   g - +0 buckler
rNeg     . . .     Faith    .   s - +0 leather armour
rPois    .         Spirit   +   c - +0 helmet
rElec    .         Reflect  .   (no cloak)
rCorr    .         Harm     .   (no gloves)
MR       .....                  (no boots)
Stlth    +.........             (no amulet)
HPRegen  0.51/turn              (no ring)
MPRegen  0.11/turn              (no ring)

@: no status effects
A: fangs 2, regeneration 1, magic shield, antimagic bite, no potion heal 3, rot
immunity
a: no special abilities


You were on level 4 of the Dungeon.
You were not hungry.

You visited 1 branch of the dungeon, and saw 4 of its levels.
You also visited: Sewer.

You collected 257 gold pieces.
You spent 126 gold pieces at shops.

Inventory:

Hand Weapons
 a - a +0 rapier (weapon)
 b - a +8 blowgun
 z - a +0 blowgun
Missiles
 d - a throwing net (quivered)
 i - 58 poisoned needles
Armour
 c - a +0 helmet (worn)
 g - a +0 buckler (worn)
 s - a +0 leather armour (worn)
Jewellery
 y - an uncursed ring of stealth {unknown}
Scrolls
 e - 4 scrolls of identify {!r, unknown}
 j - 2 scrolls of amnesia {!r, unknown}
 k - 2 scrolls of teleportation {!r, unknown}
 l - 2 scrolls of magic mapping {!r, unknown}
 m - 3 scrolls of immolation {!r, unknown}
 p - 3 scrolls of remove curse {!r, unknown}
 r - a scroll of fear {!r, unknown}
 u - a scroll of enchant armour {!r, unknown}
 v - 3 scrolls of vulnerability {!r, unknown}
 A - a scroll of noise {!r, unknown}
Potions
 h - a potion of mutation {!q, unknown}
 o - a potion of agility {!q, unknown}
 q - a potion of lignification {!q, unknown}
 t - a potion of magic {!q, unknown}
 w - 2 potions of haste {!q, unknown}
 x - 2 potions of resistance {!q, unknown}
Comestibles
 f - 9 rations
 n - 2 chunks of flesh


   Skills:
 - Level 1.7 Fighting
 * Level 6.4 Short Blades
 - Level 1.7 Throwing
 - Level 2.4 Dodging
 + Level 3.4 Shields


You had 6 spell levels left.
You didn't know any spells.

Dungeon Overview and Level Annotations

Branches:
Dungeon (4/15)
 Temple: D:4-7

Altars:
Ashenzari
Makhleb
Nemelex Xobeh
Uskayaw
The Shining One

Shops:
D:4 (


Innate Abilities, Weirdness & Mutations

You have extremely sharp teeth.
Your natural rate of healing is unusually fast.
When hurt, damage is shared between your health and your magic reserves.
Your bite disrupts and absorbs the magic of your enemies.
Potions cannot restore your health.
You are immune to rotting.


Message History

Search for what [Enter for "buck", or ? for help]? body Some of the chunks of flesh in your inventory have rotted away.
There is an entrance to Evakh's Antique Weapon Emporium here.
z - a runed blowgun Thank you for shopping at Evakh's Antique Weapon Emporium!
Adjust (i)tems, (s)pells, or (a)bilities?
Adjust which item? (? for menu, Esc to quit)
z - a runed blowgun Adjust to which letter? (? for menu, Esc to quit)
b - a runed blowgun;
z - an uncursed blowgun
b - a +8 blowgun (weapon)
A - a scroll labeled XORIAT YNLARUM {!r} You open the door.
There is an open door here.
You open the door.
There is an open door here.
You open the door.
There is an open door here.
A wyvern comes into view.
A wyvern is nearby!
Quiver which item? (- for none, * to show all) (? for menu, Esc to quit)
Okay, then.
a - a +0 rapier (weapon)
The wyvern hisses angrily.
b - a +8 blowgun (weapon)
Firing (i - inventory. (/) - cycle)
i - 62 poisoned needles (quivered)
Press: ? - help, Shift-Dir - straight line, f - wyvern
Aim: a wyvern You shoot a poisoned needle.
The poisoned needle closely misses the wyvern.
Firing (i - inventory. (/) - cycle)
i - 61 poisoned needles (quivered)
Press: ? - help, Shift-Dir - straight line, f/p - wyvern
Aim: a wyvern You shoot a poisoned needle.
The poisoned needle hits the wyvern.
Firing (i - inventory. (/) - cycle)
i - 60 poisoned needles (quivered)
Press: ? - help, Shift-Dir - straight line, f/p - wyvern
Aim: a wyvern You shoot a poisoned needle.
The poisoned needle hits the wyvern.
The wyvern is poisoned.
Firing (i - inventory. (/) - cycle)
i - 59 poisoned needles (quivered)
Press: ? - help, Shift-Dir - straight line, f/p - wyvern
Aim: a wyvern (poisoned)
You shoot a poisoned needle.
The poisoned needle closely misses the wyvern.
You block the wyvern's attack.
a - a +0 rapier (weapon)
You hit the wyvern. You bite the wyvern. You drain its power.
The wyvern is moderately wounded.
You block the wyvern's attack. The wyvern bites you.
You hit the wyvern but do no damage.
The wyvern is moderately wounded.
The wyvern bites you!
You barely miss the wyvern.
The wyvern is moderately wounded.
The wyvern bites you.
You closely miss the wyvern.
The wyvern is moderately wounded.
The wyvern bites you!
* * * LOW HITPOINT WARNING * * *
The wyvern barely misses you.
You closely miss the wyvern.
The wyvern is moderately wounded.
The wyvern bites you!
You die...

. ###+ .##...(##......#
.... ..............# ....
.............# ....
...(........#
+#############...##......#
.............#...##......#
.......∩.....#..l##......#
.............#?.@##'######
.............#...'.......#
.............######......#
.....#####........#......#
.....# #........'......#
.....# #........#......#
.....# #........#......#
.....# #........#......#
.....# #........########


You could see a wyvern.

Vanquished Creatures
  An ogre (D:4)
  A crocodile (Sewer)
  3 hounds (D:4)
  Terence (D:2)
  6 worker ants (D:4)
  A hound skeleton (D:4)
  Robin (D:3)
  2 adders
  4 worms
  A dart slug (D:2)
  2 leopard geckos
  3 orcs
  11 bats
  6 giant cockroaches
  15 goblins
  9 hobgoblins
  2 jackals (D:4)
  3 quokkas
  3 frilled lizards
  10 kobolds
  2 rats
87 creatures vanquished.

Notes
Turn   | Place    | Note
-------+----------+-------------------------------------------
     0 | D:1      | Amnesiac the Vine Stalker Gladiator began the quest for the Orb.
     0 | D:1      | Reached XP level 1. HP: 11/11 MP: 2/2
   177 | D:1      | Reached skill level 3 in Short Blades
   273 | D:1      | Reached XP level 2. HP: 7/15 MP: 1/3
  1057 | D:2      | Reached XP level 3. HP: 18/18 MP: 4/4
  1136 | D:2      | Noticed Terence
  1146 | D:2      | Killed Terence
  1146 | D:2      | Reached skill level 4 in Short Blades
  1146 | D:2      | Reached skill level 1 in Shields
  1386 | D:2      | Gained mutation: Your natural rate of healing is unusually fast. [Vine Stalker growth]
  1386 | D:2      | Reached XP level 4. HP: 23/23 MP: 5/5
  1875 | D:3      | Noticed Robin
  1935 | D:3      | Killed Robin
  1935 | D:3      | Reached XP level 5. HP: 11/26 MP: 6/6
  2035 | D:3      | Found a glowing golden altar of the Shining One.
  2057 | D:3      | Found a glowing drain.
  2091 | Sewer    | Entered a sewer
  2118 | Sewer    | Noticed a crocodile
  2129 | Sewer    | Killed a crocodile
  2129 | Sewer    | Reached skill level 5 in Short Blades
  2586 | D:4      | Reached XP level 6. HP: 30/30 MP: 7/7
  2615 | D:4      | Found a burning altar of Makhleb.
  2824 | D:4      | Reached skill level 6 in Short Blades
  2865 | D:4      | Reached XP level 7. HP: 34/34 MP: 8/8
  2901 | D:4      | Found a sparkling altar of Nemelex Xobeh.
  2906 | D:4      | Found a hide-covered altar of Uskayaw.
  2909 | D:4      | Found a shattered altar of Ashenzari.
  3120 | D:4      | Found Evakh's Antique Weapon Emporium.
  3128 | D:4      | Bought a runed blowgun for 126 gold pieces
  3150 | D:4      | Noticed a wyvern
  3162 | D:4      | Slain by a wyvern

Vault maps used:
D:1:      scummos_arrival_star, hangedman_decor_points, fountainhead
D:2:      minmay_tetromino_s2, uniq_terence
D:3:      tso_oasis_becter, first_ration, gup_sewer_entry_glass, uniq_robin
D:4:      minmay_overflow_temple_star_quad, serial_shops, shop, bloody_makhleb
Sewer:    sewer_big_baddie

Skill      XL: |  1  2  3  4  5  6 |
---------------+-------------------+-----
Short Blades   | 3 4 5 6 |  6.4
Shields        | 1 2 3 |  3.4
Fighting       | |  1.7
Throwing       | |  1.7
Dodging        | |  2.4

Action                   |  1- 3 |  4- 6 |  7- 9 || total
-------------------------+-------+-------+-------++-------
Melee: Rapier            |    57 |   188 |    10 ||   255
       Bite              |    15 |    60 |     4 ||    79
 Fire: Blowgun           |       |       |     4 ||     4
Throw: Throwing net      |       |     4 |       ||     4
 Stab: Sleeping          |     1 |     2 |     1 ||     4
       Held in net/web   |       |     2 |       ||     2
  Eat: Chunk             |     1 |     5 |     1 ||     7
Armor: Leather armour    |    14 |    45 |     1 ||    60
Dodge: Dodged            |    26 |    77 |     1 ||   104
Block: Buckler           |     7 |    33 |     4 ||    44

Table legend:
 A = Spawn XP
 B = Non-spawn XP
 C = Spawn XP percentage of total XP
 D = Spawn monster count
 E = Non-spawn monster count
 F = Spawn count percentage of total count
 G = Total turns spent on level
                    A         B        C        D         E        F      G
               +---------+---------+-------+---------+---------+-------+---------
         Total |       0 |     790 |   0.0 |       0 |      87 |   0.0 |  3162
               +---------+---------+-------+---------+---------+-------+---------
           D:1 |       0 |      22 |   0.0 |       0 |      13 |   0.0 |   848
           D:2 |       0 |      75 |   0.0 |       0 |      13 |   0.0 |   834
           D:3 |       0 |      93 |   0.0 |       0 |      37 |   0.0 |   792
           D:4 |       0 |     489 |   0.0 |       0 |      18 |   0.0 |   605
         Sewer |       0 |     111 |   0.0 |       0 |       6 |   0.0 |    83
               +---------+---------+-------+---------+---------+-------+---------
